 Dungeon Crawl Stone Soup version 0.32-a0-685-g93135e86f0 (webtiles) character file.

Game seed: 8760296707947419815

326 shadizar the Magician (level 6, -1/48 HPs)
             Began as a Djinni Earth Elementalist on Mar 12, 2024.
             Slain by an orc priest
             ... wielding a +0 hand axe
              (2 damage)
             ... on level 4 of the Dungeon.
             The game lasted 00:02:56 (2959 turns).

shadizar the Magician (Djinni Earth Elementalist)   Turns: 2959, Time: 00:02:57

Health: -1/48      AC:  2    Str:  7    XL:     6   Next: 78%
Gold:   258        EV: 12    Int: 19    God:
                   SH:  0    Dex: 13

rFire   + + .        (no weapon)
rCold   x . .        (no shield)
rNeg    . . .        a - +0 robe
rPois   ∞            (no helmet)
rElec   .            (no cloak)
rCorr   .            (no gloves)
SInv    .            (boots unavailable)
Will    .....        (no amulet)
Stlth   ++           (no ring)
HPRegen 0.28/turn    (no ring)
MPRegen 0.00/turn

%: infuse magic (-2 HP)
@: flying
A: sickness immunity, fire resistance 2, cold vulnerability 1, float, innate
caster, HP casting, extra vitality 1
a: Convert to Beogh


You were on level 4 of the Dungeon.
You visited 1 branch of the dungeon, and saw 4 of its levels.

You collected 258 gold pieces.

Inventory:

Hand Weapons
 o - a +2 whip of electrocution
Armour
 a - a +0 robe (worn)
 h - a +0 leather armour
Jewellery
 c - a +4 ring of protection
 s - a ring of protection from cold
Wands
 t - a wand of warping (6)
Scrolls
 b - 2 scrolls of revelation {unknown}
 d - a scroll of silence {unknown}
 e - 8 scrolls of identify {unknown}
 g - a scroll of vulnerability {unknown}
 k - a scroll of teleportation {unknown}
 m - 6 scrolls of immolation {unknown}
 r - a scroll of poison {unknown}
 u - a scroll of noise {unknown}
Potions
 f - a potion of berserk rage {unknown}
 i - a potion of invisibility {unknown}
 j - a potion of mutation {unknown}
 l - a potion of brilliance {unknown}
 n - a potion of lignification {unknown}
 p - a potion of curing {unknown}
 q - a potion of haste {unknown}


   Skills:
 + Level 4.4 Fighting
 - Level 2.1 Dodging
 - Level 1.5 Stealth
 + Level 4.6 Spellcasting
 + Level 4.6 Conjurations
 + Level 4.6 Hexes
 + Level 4.6 Summonings
 + Level 4.6 Necromancy
 + Level 4.6 Translocations
 + Level 4.6 Fire Magic
 + Level 4.6 Ice Magic
 + Level 4.6 Air Magic
 + Level 4.6 Earth Magic
 + Level 4.6 Alchemy


You knew the following spells:

 Your Spells              Type           Power      Damage    Failure   Level
a - Sandblast             Erth           44%        2d11      1%          1
b - Passwall              Erth           22%        N/A       6%          3
c - Stone Arrow           Conj/Erth      44%        3d9       6%          3
d - Petrify               Alch/Erth      22%        N/A       19%         4
e - Brom's Barrelling Bo  Conj/Erth      22%        2d4       19%         4
f - Necrotise             Necr           88%        1d8       1%          1
g - Lesser Beckoning      Tloc           44%        N/A       3%          2
Your spell library was empty.

Dungeon Overview and Level Annotations

Branches:
Dungeon (4/15)
 Temple: D:4-7

Altars:
Okawaru
Trog

Shops:
D:1 (

Annotations:
D:1 1 transporter


Innate Abilities, Weirdness & Mutations

You are immune to sickness and miasma.
You are immune to poison.
Your flesh is very heat resistant. (rF++)
You are vulnerable to cold. (rC-)
You float through the air rather than walking.
You learn spells naturally, not from books.
Your magical power is your life essence.
You have superior vitality. (+4 MHP)


Message History

* * * LOW HITPOINT WARNING * * *
The orc priest invokes the aid of Beogh against you.
Beogh smites you!
* * * LOW HITPOINT WARNING * * *
The orc priest looks braver for a moment.
You bump into the rock wall.
The orc priest hits you with a +0 hand axe.
* * * LOW HITPOINT WARNING * * *
The orc priest attacks as it pursues you!
The orc priest hits you with a +0 hand axe.
* * * LOW HITPOINT WARNING * * *
You hit the orc priest but do no damage.
You feel less invigorated.
You feel less confused.
The orc priest hits you with a +0 hand axe.
* * * LOW HITPOINT WARNING * * *
Casting: Sandblast (safe; 1% risk of failure)
Confirm with . or Enter, or press ? or * to list all spells.
Aiming: Sandblast (safe; 1% risk of failure)
Press: ? - help, Shift-Dir - straight line, f/p - orc priest
Aim: an orc priest, wielding a +0 hand axe and wearing a +0 chain mail (87% to hit)
The blast of sand hits the orc priest but does no damage.
* * * LOW HITPOINT WARNING * * *
The orc priest hits you with a +0 hand axe.
* * * LOW HITPOINT WARNING * * *
Unknown command.
Unknown command.
Unknown command.
Unknown command.
Unknown command.
Unknown command.
Casting: Sandblast (safe; 1% risk of failure)
Confirm with . or Enter, or press ? or * to list all spells.
Aiming: Sandblast (safe; 1% risk of failure)
Press: ? - help, Shift-Dir - straight line, f/p - orc priest
Aim: an orc priest, wielding a +0 hand axe and wearing a +0 chain mail (87% to hit)
The blast of sand hits the orc priest but does no damage.
* * * LOW HITPOINT WARNING * * *
The orc priest hits you with a +0 hand axe.
You die...

#.......#.#####.#
#.#
#.##.#.......##.#
#.#
#.##.#.##.##.##.#
#.# #.##.#.##...
...# #.#
#.##.#.##.......#
#.##.#.###...<.##
#......# .....#
###...## .....#
#....@# ######
#....o# #.#..#W#
#.#.###o# #....
o.. #.#.# ##.
#.#... # ## ..


You could see a phantom, an orc priest, an orc wizard and an orc.

Vanquished Creatures
  A scorpion (D:2)
  2 bombardier beetles (D:4)
  An orc priest (D:4)
  Natasha (thrice) (D:3)
  2 adders
  A ribbon worm (D:2)
  3 dart slugs
  7 orcs
  6 ball pythons
  3 endoplasms
  2 giant cockroaches
  5 goblins
  8 hobgoblins
  14 kobolds
  5 quokkas
  4 bats
  3 frilled lizards (D:2)
  5 rats
75 creatures vanquished.

Vanquished Creatures (others)
  A frilled lizard (D:3)
1 creature vanquished.

Grand Total: 76 creatures vanquished

Notes
Turn   | Place    | Note
-------+----------+-------------------------------------------
     0 | D:1      | shadizar the Djinni Earth Elementalist began the quest for
                  | the Orb.
     0 | D:1      | shadizar set off with the following spells memorised:
                  | Sandblast, Passwall, Stone Arrow, Petrify, Brom's
                  | Barrelling Boulder.
     0 | D:1      | Reached XP level 1. HP: 15/15 MP: 0/0
    61 | D:1      | Reached XP level 2. HP: 21/22 MP: 0/0
   126 | D:1      | Found Zoful's Weapon Boutique.
   129 | D:1      | Reached skill level 1 in Fighting
   363 | D:1      | Reached XP level 3. HP: 27/27 MP: 0/0
   363 | D:1      | Learned a level 1 spell: Necrotise
   552 | D:1      | Found a faded altar of an unknown god.
  1055 | D:2      | Reached XP level 4. HP: 25/33 MP: 0/0
  1277 | D:2      | Noticed a scorpion
  1286 | D:2      | Killed a scorpion
  1287 | D:2      | Reached XP level 5. HP: 19/40 MP: 0/0
  1287 | D:2      | Learned a level 2 spell: Lesser Beckoning
  1797 | D:3      | Found a bloodstained altar of Trog.
  1914 | D:3      | Found an iron altar of Okawaru.
  1965 | D:3      | Noticed Natasha
  1968 | D:3      | Killed Natasha
  2068 | D:3      | Noticed Natasha
  2136 | D:3      | Killed Natasha
  2497 | D:3      | Noticed Natasha
  2499 | D:3      | Killed Natasha
  2500 | D:3      | Reached XP level 6. HP: 44/47 MP: 0/0
  2947 | D:4      | HP: 1/48 [orc priest/divine providence (12)]
  2958 | D:4      | HP: 2/48 [orc priest/+0 hand axe (2)]
  2959 | D:4      | Slain by an orc priest

Illustrated notes

Levels and vault maps discovered:
D:1:      spicycebolla_arrival_risky_transporter, layout_basic,
          shapermc_ecumenical_altar_mp_highgroup, serial_shops,
          nicolae_shop_crystal, chequers_serial_rivers_room_a
D:2:      layout_loops_ring, lexackson_kobold_supper
D:3:      layout_basic, mainiacjoe_overflow_chevrons, lemuel_round_altar,
          uniq_natasha
D:4:      layout_loops_cross

Skill      XL: |  1  2  3  4  5  6 |
---------------+-------------------+-----
Fighting       | 1 2 3 4 |  4.4
Spellcasting   | 4 |  4.6
Conjurations   | 4 |  4.6
Hexes          | 4 |  4.6
Summonings     | 4 |  4.6
Necromancy     | 4 |  4.6
Translocations | 4 |  4.6
Fire Magic     | 4 |  4.6
Ice Magic      | 4 |  4.6
Air Magic      | 4 |  4.6
Earth Magic    | 4 |  4.6
Alchemy        | 4 |  4.6
Dodging        | |  2.1
Stealth        | |  1.5

Action                     |  1- 3 |  4- 6 || total
---------------------------+-------+-------++-------
  Melee: Unarmed           |     1 |     1 ||     2
   Cast: Sandblast         |    50 |    68 ||   118
         Stone Arrow       |       |     5 ||     5
    Use: Potion            |       |     1 ||     1
 Armour: Robe              |     9 |    25 ||    34
  Dodge: Dodged            |     9 |    17 ||    26

Table legend: (Time is in decaauts)
 A = Elapsed time spent in this place.
 B = Non-inter-level travel time spent in this place.
 C = Inter-level travel time spent in this place.
 D = Time resting spent in this place.
 E = Time spent auto-exploring this place.
 F = Levels seen in this place.
 G = Mean time per level.
                   A        B        C        D        E       F      G
               +--------+--------+--------+--------+--------+-----+--------+
         Total |   3017 |   2927 |     90 |      0 |   2478 |   4 |  754.2 |
       Dungeon |   3017 |   2927 |     90 |      0 |   2478 |   4 |  754.2 |
               +--------+--------+--------+--------+--------+-----+--------+

Top non-repeatable levels by time:
     D:3: 987 daAuts
     D:2: 829 daAuts
     D:1: 801 daAuts
     D:4: 399 daAuts
